 Dungeon Crawl Stone Soup version 0.23.2-40-g277498a001 (webtiles) character file.

Game seed: 3511216944505472377

436 Exodus22XD the Chiller (level 6, -1/41 HPs)
             Began as a Mummy Ice Elementalist on Sept 11, 2019.
             Slain by a jackal (3 damage)
             ... on level 6 of the Dungeon.
             The game lasted 00:16:06 (3444 turns).

Exodus22XD the Chiller (Mummy Ice Elementalist)     Turns: 3444, Time: 00:16:07

Health: -1/41      AC:  5    Str: 11    XL:     6   Next: 68%
Magic:  0/10       EV: 12    Int: 17    God:
Gold:   224        SH:  0    Dex: 12    Spells: 2/10 levels left

rFire    x x .     SeeInvis .   b - +0 dagger
rCold    + + .     Gourm    .   (no shield)
rNeg     + + +     Faith    +   a - +0 robe
rPois    ∞         Spirit   .   o - +2 helmet
rElec    .         Reflect  .   (no cloak)
rCorr    .         Harm     .   (no gloves)
MR       .....                  (no boots)
Stlth    ++........             g - amulet of faith
HPRegen  0.13/turn              i - ring of ice
MPRegen  0.12/turn              f - ring of flight

@: no status effects
A: no food or potions, fire vulnerability, cold resistance 1, negative energy
resistance 3, torment resistance, unbreathing
a: Evoke Flight


You were on level 6 of the Dungeon.
You were not hungry.

You visited 1 branch of the dungeon, and saw 6 of its levels.

You collected 224 gold pieces.

Inventory:

Hand Weapons
 b - a +0 dagger (weapon)
Armour
 a - a +0 robe (worn)
 o - a +2 helmet (worn)
Jewellery
 f - a ring of flight (right hand)
 g - an amulet of faith (around neck)
 i - a ring of ice (left hand)
Scrolls
 c - 3 scrolls of identify {unknown}
 d - a scroll of amnesia
 e - 2 scrolls of remove curse
 h - a scroll of teleportation {unknown}
 j - a scroll of enchant weapon {unknown}
 k - a scroll of magic mapping
 m - 2 scrolls of fear {unknown}
 n - a scroll of enchant armour {unknown}


   Skills:
 - Level 1.5 Dodging
 - Level 1.5 Stealth
 - Level 2.6 Spellcasting
   Level 0.7 Conjurations
 * Level 2.8 Summonings
 - Level 5.5 Ice Magic


You had 2 spell levels left.
You knew the following spells:

 Your Spells              Type           Power        Failure   Level  Hunger
a - Freeze                Ice            ####         1%          1    N/A
b - Ozocubu's Armour      Chrm/Ice       ###.....     17%         3    N/A
c - Summon Ice Beast      Ice/Summ       ###.....     32%         4    N/A

Your spell library contained the following spells:

 Spells                   Type           Power        Failure   Level  Hunger
 Throw Frost              Conj/Ice       ###...       8%          2    N/A
 Throw Icicle             Conj/Ice       ###.....     45%         4    N/A

Dungeon Overview and Level Annotations

Branches:
Dungeon (6/15)
 Temple: D:4-7

Altars:
Okawaru

Annotations:
D:3 Grinder


Innate Abilities, Weirdness & Mutations

You do not eat or drink.
Your flesh is vulnerable to fire.
You are immune to poison.
Your flesh is cold resistant. (rC+)
You are immune to negative energy. (rN+++)
You are immune to unholy pain and torment.
You can survive without breathing.


Message History

You closely miss the jackal.
The jackal is moderately wounded.
The hound bites you but does no damage. The jackal closely misses you.
The hound bites you.
* * * LOW HITPOINT WARNING * * *
Unknown command.
As you read the scroll labeled GENKO ORIED, it crumbles to dust.
It is a scroll of amnesia.
Okay, then.
The jackal closely misses you. The hound barely misses you.
The jackal barely misses you.
As you read the scroll labeled ZURAJOMPIO, it crumbles to dust.
You feel as if something is helping you.
It was a scroll of remove curse.
The hound bites you but does no damage.
The jackal bites you but does no damage.
The hound closely misses you.
As you read the scroll labeled HAQYSAWKOJ, it crumbles to dust.
You feel aware of your surroundings.
You sensed 4 altars, and 1 shop/portal.
It was a scroll of magic mapping.
The jackal bites you.
You die...

*,,,**,,**,,**,,,,,,,,*,,,,,**≈*,
,,,****,,,,***#.**,*****,,*≈*≈≈**
**,** **,,** ##.**,* *,,*≈≈≈≈≈≈
**,,** *,,* *#..**,***#*,**≈*≈≈*≈
**,,,***,.##*,..##,**.#*,*≈≈≈≈≈≈≈
*,,*,,,,,....,#...,,.#,*,≈≈*≈≈≈*≈
*,,*,,,,,.....#..#,>#**,,**≈≈≈≈≈≈
*,,,,***,,**#....#.## **,,*≈≈*≈≈≈
*,,,** *,,* *#.h@...#**,,,≈**≈≈**
,,,** **,,** ##..h...#,,,,,,≈≈**,
,*,****,,,,***#.......#,,,,,,,,,,
,,,,**,,**,,**......#.#,,,,,,,,,,
*,,,,,,,,,,,,.........#**********
*,,,*****,,,.$...###### *****
***#######


You could see a hound and a jackal.

Vanquished Creatures
  A howler monkey (D:4)
  A hound (D:4)
  An orc wizard (D:3)
  Terence (D:3)
  An iguana (D:4)
  4 worker ants (D:4)
  A hound skeleton (D:4)
  8 adders
  2 worms (D:2)
  3 dart slugs
  2 leopard geckos (D:4)
  12 orcs
  5 giant cockroaches
  11 goblins
  4 hobgoblins
  7 jackals
  2 quokkas
  A ball python (D:4)
  11 bats
  10 frilled lizards
  4 kobolds
  A quokka skeleton (D:4)
  4 rats
97 creatures vanquished.

Vanquished Creatures (others)
  4 toadstools (D:5)
4 creatures vanquished.

Grand Total: 101 creatures vanquished

Notes
Turn   | Place    | Note
-------+----------+-------------------------------------------
     0 | D:1      | Exodus22XD the Mummy Ice Elementalist began the quest for
                  | the Orb.
     0 | D:1      | Reached XP level 1. HP: 13/13 MP: 4/4
   243 | D:1      | Reached skill level 3 in Ice Magic
   243 | D:1      | Reached XP level 2. HP: 19/19 MP: 0/5
  1032 | D:2      | Reached XP level 3. HP: 18/24 MP: 2/7
  1101 | D:2      | Noticed an ogre
  1444 | D:2      | Reached skill level 4 in Ice Magic
  1448 | D:2      | Reached XP level 4. HP: 30/30 MP: 1/8
  2037 | D:2      | Learned a level 3 spell: Ozocubu's Armour
  2349 | D:3      | Reached XP level 5. HP: 28/35 MP: 2/9
  2350 | D:3      | Reached skill level 5 in Ice Magic
  2546 | D:3      | Noticed Terence
  2559 | D:3      | Killed Terence
  2631 | D:3      | Learned a level 4 spell: Summon Ice Beast
  2649 | D:3      | Noticed Grinder
  2651 | D:3      | Paralysed by Grinder for 3 turns
  2659 | D:3      | Found an iron altar of Okawaru.
  2850 | D:4      | Reached skill level 1 in Summonings
  2850 | D:4      | Reached XP level 6. HP: 30/41 MP: 5/10
  2881 | D:5      | Entered Level 5 of the Dungeon
  3441 | D:6      | HP: 2/41 [hound (2)]
  3444 | D:6      | Slain by a jackal

Skill      XL: |  1  2  3  4  5  6 |
---------------+-------------------+-----
Ice Magic      | 3 4 5 |  5.5
Summonings     | 1 2 |  2.8
Dodging        | |  1.5
Stealth        | |  1.5
Spellcasting   | |  2.6
Conjurations   | |  0.7

Action                   |  1- 3 |  4- 6 || total
-------------------------+-------+-------++-------
Melee: Dagger            |     8 |    33 ||    41
 Cast: Freeze            |    47 |   124 ||   171
       Ozocubu's Armour  |       |     1 ||     1
  Use: Scroll            |       |     3 ||     3
 Stab: Sleeping          |     6 |     1 ||     7
Armor: Robe              |    10 |    37 ||    47
Dodge: Dodged            |    25 |   103 ||   128
